Map: Automaton LE

Players

MCanning - Winner!

  • Race: Protoss Protoss
  • League: Grandmaster
  • Spawn Location: 9:00

Neeb

  • Race: Protoss Protoss
  • League: Grandmaster
  • Spawn Location: 3:00

Event: Cheeseadelphia 8

VOD

Have the link to the VOD?

Description

Time

  • Played on: Dec. 9, 2018, 9:40 a.m.
  • Length: 11:37

All games in this series

Show
View Real Time Build Order
Export as new Build Order

MCanning Protoss - Winner!

Build Orders: Archon Immortal 

Get SALT Encoding   

  12  0:00  Probe  
  13  0:12  Probe  
  14  0:19  Pylon  
  14  0:24  Probe  
  15  0:34  Probe  
  15  0:39  Gateway  
  15  0:42  Probe  
  17  0:51  Probe  
  17  0:52  Assimilator  
  18  0:58  Assimilator  
  18  0:59  Probe  
  19  1:07  Probe  
  19  1:14  Gateway  
  19  1:18  Probe  
  21  1:28  Cybernetics Core  
  21  1:31  Probe  
  22  1:39  Pylon  
  22  1:44  Probe  
  22  1:45  Warp Gate  
  23  2:05  Stalker x2  
  27  2:15  Pylon  
  27  2:35  Stalker x2  
  31  2:42  Probe  
  32  3:05  Stalker x2  
  36  3:19  Pylon  
  36  3:26  Shield Battery  
  36  3:34  Nexus  
  36  3:48  Stalker  
  38  3:50  Stalker  
  40  4:03  Robotics Facility  
  40  4:06  Probe  
  41  4:18  Probe  
  38  4:30  Stalker x2  
  40  4:34  Probe  
  41  4:46  Probe  
  42  4:55  Probe  
  42  4:58  Probe  
  44  5:01  Stalker x2  
  44  5:06  Immortal  
  48  5:07  Probe  
  48  5:09  Probe  
  48  5:17  Probe  
  48  5:19  Probe  
  53  5:25  Probe  
  54  5:28  Probe  
  54  5:30  Sentry x2  
  54  5:33  Probe  
  60  5:36  Pylon  
  61  5:44  Probe  
  61  5:48  Pylon  
  62  5:52  Forge, Observer  
  63  5:58  Shield Battery  
  63  6:06  Immortal, Pylon  
  63  6:07  Zealot  
  65  6:12  Probe  
  65  6:16  Assimilator  
  70  6:20  Assimilator  
  70  6:26  Probe  
  70  6:30  Twilight Council  
  71  6:33  Probe  
  71  6:39  Probe  
  77  6:47  Pylon  
  77  6:51  Zealot  
  77  6:56  Protoss Ground Weapons Level 1  
  77  6:58  Adept  
  73  7:08  Immortal, Gateway  
  68  7:09  Gateway  
  68  7:20  Probe  
  67  7:24  Pylon  
  65  7:32  Charge  
  65  7:42  Probe  
  66  7:44  Pylon  
  66  7:46  Probe  
  66  7:47  Pylon  
  67  7:54  Probe  
  67  7:58  Pylon  
  68  8:02  Immortal  
  72  8:07  Probe  
  72  8:09  Templar Archives  
  73  8:21  Protoss Ground Weapons Level 2  
  73  8:23  Gateway  
  73  8:24  Gateway  
  73  8:25  Zealot  
  73  8:26  Gateway  
  75  8:40  Probe  
  76  8:41  Pylon  
  76  8:42  Immortal  
  76  8:48  High Templar x4  
  84  8:55  Archon x2  
  88  8:59  Pylon  
  88  9:01  Pylon  
  88  9:14  Pylon  
  88  9:15  Pylon  
  88  9:19  High Templar x2  
  88  9:21  Warp Prism  
  94  9:27  Archon  
  94  9:39  Zealot x4  
  90  9:56  Warp Prism  
  90  9:57  Zealot x3  
  96  10:13  Probe  
  97  10:21  High Templar x4  
  99  10:23  Zealot x3  
  99  10:25  Archon  
  99  10:26  Archon  
  111  10:39  Nexus  
  111  10:44  High Templar x2  
  111  10:48  Archon  
  115  10:50  Zealot  
  117  11:05  Zealot x4  
  113  11:19  Zealot  
  113  11:22  Zealot x2  
Show
View Real Time Build Order
Export as new Build Order

Neeb Protoss 

Build Orders: Archon Immortal, Blink Stalkers 

Get SALT Encoding   

  12  0:00  Probe  
  13  0:12  Probe  
  14  0:18  Pylon  
  14  0:24  Probe  
  15  0:33  Probe  
  15  0:37  Gateway  
  15  0:42  Probe  
  16  0:48  Assimilator  
  17  0:52  Probe  
  17  0:55  Assimilator  
  18  1:00  Probe  
  19  1:08  Probe  
  19  1:09  Gateway  
  20  1:19  Probe  
  21  1:26  Cybernetics Core  
  21  1:31  Probe  
  22  1:38  Pylon  
  22  1:43  Probe  
  23  1:56  Probe  
  24  2:06  Stalker, Warp Gate, Sentry  
  24  2:08  Probe  
  29  2:19  Pylon  
  29  2:29  Twilight Council  
  29  2:33  Stalker  
  31  2:37  Stalker  
  32  2:52  Blink  
  32  3:03  Nexus  
  33  3:21  Stalker  
  34  3:27  Stalker  
  36  3:37  Probe  
  36  3:40  Pylon  
  37  3:45  Shield Battery  
  37  3:49  Probe  
  38  4:01  Probe  
  39  4:06  Pylon  
  39  4:12  Stalker  
  39  4:14  Stalker  
  43  4:23  Probe  
  38  4:37  Stalker x2  
  43  4:50  Robotics Facility  
  40  4:57  Stalker  
  40  5:02  Stalker  
  42  5:08  Probe  
  43  5:16  Probe  
  43  5:20  Probe  
  45  5:23  Stalker  
  45  5:25  Stalker  
  50  5:28  Probe  
  50  5:32  Probe  
  51  5:37  Warp Prism  
  51  5:40  Probe  
  54  5:45  Probe  
  54  5:47  Sentry  
  54  5:48  Sentry  
  58  5:52  Pylon  
  58  5:55  Probe  
  58  5:57  Probe  
  60  6:07  Probe  
  60  6:09  Probe  
  62  6:11  Sentry  
  62  6:12  Stalker  
  62  6:17  Assimilator  
  66  6:19  Assimilator, Probe  
  66  6:24  Probe  
  68  6:29  Pylon  
  68  6:30  Charge  
  68  6:32  Probe  
  69  6:38  Probe  
  70  6:47  Probe  
  70  6:51  Stalker  
  70  6:52  Immortal, Stalker  
  75  7:00  Probe  
  75  7:01  Probe  
  75  7:13  Probe  
  75  7:14  Gateway  
  75  7:15  Gateway, Sentry  
  78  7:17  Gateway  
  78  7:21  Immortal  
  78  7:29  Probe  
  67  7:42  Gateway  
  66  7:45  Gateway  
  66  7:48  Templar Archives  
  66  7:49  Gateway, Sentry x2  
  70  7:58  Immortal  
  70  8:04  Pylon  
  74  8:06  Pylon  
  74  8:19  Zealot x2  
  78  8:25  Nexus  
  78  8:27  Pylon  
  78  8:28  Warp Prism  
  78  8:41  Forge  
  80  8:47  High Templar x3  
  86  8:49  High Templar, Zealot  
  86  8:54  Archon  
  90  8:57  Protoss Ground Weapons Level 1, Observer  
  90  8:58  Archon, Zealot x2  
  94  9:02  Pylon  
  95  9:18  Probe x2  
  97  9:30  Zealot x5  
  95  9:49  Immortal  
  81  9:59  High Templar x2  
  82  10:00  Zealot x6  
  82  10:04  Archon  
  84  10:20  Zealot x3  
  90  10:22  Zealot  
  90  10:23  Immortal, High Templar x2  
  90  10:27  Archon  
  96  10:32  Zealot x2  
  104  10:36  Zealot x2  
  108  10:46  Pylon  
  108  10:47  Pylon  
  108  10:48  Pylon  
  103  11:07  High Templar x2, Zealot  
  103  11:10  Pylon  
  109  11:11  Archon  
  109  11:13  Zealot x5  
  109  11:14  Pylon  
Tags
 
Add a new tag
Caveats
  • Supply blocks, unpowered buildings, or Contaminate may cause inaccurate times.
  • Supply counts are checked every 10 seconds.